 Dungeon Crawl Stone Soup version 0.27.1-34-g3ba077fa99 (webtiles) character file.

Game seed: 15337581939551218979

261 Romesagentofchaos the Covert (level 6, -5/41 HPs)
             Began as an Octopode Brigand on Jan 25, 2022.
             Slain by Lobster4's ghost (13 damage)
             ... on level 3 of the Dungeon.
             The game lasted 00:09:31 (2643 turns).

Romesagentofchaos the Covert (Octopode Brigand)     Turns: 2643, Time: 00:09:31

Health: -5/41      AC:  1    Str: 10    XL:     6   Next: 18%
Magic:  6/6        EV: 13    Int: 14    God:
Gold:   109        SH:  0    Dex: 15    Spells: 5/5 levels left

rFire    x . .     SeeInvis .   a - +2 dagger
rCold    + . .     Faith    .   (no shield)
rNeg     . . .     Spirit   .   (helmet restricted)
rPois    .         Reflect  .   (no amulet)
rElec    .         Harm     .   e - ring of resist corrosion
rCorr    +         Rampage  .   f - ring of ice
Will     .....                  (no ring)
Stlth    +++++.....             (no ring)
HPRegen  0.13/turn              (no ring)
MPRegen  0.10/turn              (no ring)
                                (no ring)
                                (no ring)

@: no status effects
A: almost no armour, amphibious, 8 rings, camouflage 1, gelatinous body 1,
(nimble swimmer 1), tentacles, MP-powered wands
a: no special abilities


You were on level 3 of the Dungeon.
You visited 1 branch of the dungeon, and saw 3 of its levels.

You collected 109 gold pieces.

Inventory:

Hand Weapons
 a - a +2 dagger (weapon)
 h - a +1 vampiric scythe
Missiles
 b - 30 poisoned darts (quivered)
 c - 2 curare-tipped darts
 d - 6 atropa-tipped darts
Jewellery
 e - a ring of resist corrosion (left tentacle)
 f - a ring of ice (right tentacle)
Wands
 g - a wand of flame (6)
Potions
 i - a potion of curing


   Skills:
 + Level 2.6 Fighting
 + Level 3.7 Short Blades
 + Level 2.1 Throwing
 + Level 1.7 Dodging
 + Level 8.1 Stealth


You had 5 spell levels left.
You didn't know any spells.
Your spell library contained the following spells:

 Spells                   Type           Power      Damage    Failure   Level
 Magic Dart               Conj           0%         1d3       28%         1
 Call Imp                 Summ           0%         N/A       41%         2
 Mephitic Cloud           Conj/Pois/Air  0%         N/A       65%         3
 Stone Arrow              Conj/Erth      0%         3d7       65%         3
 Bolt of Magma            Conj/Fire/Erth 0%         4d4       100%        5
 Fireball                 Conj/Fire      0%         3d3       100%        5
 Iskenderun's Battlesphe  Conj           0%         2d6       100%        5
 Conjure Ball Lightning   Conj/Air       0%         3x3d6     100%        6
 Orb of Destruction       Conj           0%         N/A       100%        7
 Shatter                  Erth           0%         3d5*      100%        9


Dungeon Overview and Level Annotations

Branches:
Dungeon (3/15)

Altars:
Nemelex Xobeh
Xom

Annotations:
D:3 Lobster4's ghost, weakling DECj


Innate Abilities, Weirdness & Mutations

You cannot wear most types of armour.
You are amphibious.
You can wear up to eight rings at the same time.
Your skin changes colour to match your surroundings (Stealth+).
Your rubbery body absorbs attacks. (AC +1, EV +1)
((You are camouflaged near water. (Stealth+)))
You have tentacles for arms and can constrict up to eight enemies at once.
You expend magic power (3 MP) to strengthen your wands.


Message History

You hit the rat.
You kill the rat!
You hit the orc. Your grab misses the orc.
You squeeze the orc, but do no damage.
The orc is lightly wounded.
The rat bites you. The orc hits you with a +0 club.
You hit the orc but do no damage. Your grab misses the orc.
Your squeeze misses the orc.
The orc is lightly wounded.
The rat misses you.
You hit the orc but do no damage. You grab the orc.
The orc is lightly wounded.
You constrict the orc, but do no damage.
The orc hits you with a +0 club. The rat bites you.
You hit the orc.
The orc is almost dead.
You constrict the orc, but do no damage.
The orc misses you. The rat closely misses you.
You hit the orc but do no damage. You squeeze the orc.
You kill the orc!
You barely miss the rat. You grab the rat.
You squeeze the rat, but do no damage. You constrict the rat.
The rat closely misses you.
You completely miss the rat. You squeeze the rat.
You kill the rat!
There is an open translucent gate here.
You see here a rat corpse.
Lobster4's ghost turns its malevolent gaze towards you.
You hit Lobster4's ghost.
Lobster4's ghost is lightly damaged.
Lobster4's ghost hits you!
You are electrocuted!
* * * LOW HITPOINT WARNING * * *
You hit Lobster4's ghost.
Lobster4's ghost is moderately damaged.
Lobster4's ghost hits you!
* * * LOW HITPOINT WARNING * * *
You feel better. Lobster4's ghost hits you.
* * * LOW HITPOINT WARNING * * *
You are electrocuted!
You die...

#.# #.## ###.####.##
##############.....##.##
###...........##.#.#†#...#
#...#########[##.#.#.#.#.#
#.#.#.......#.##.#.......#
#.#.#...#...#..#.###.#.###
#.#.'..#.#$.#..#>###.#....
####...†....@W.#....>...#####
#......)..#.#..#..###.### #
#.##...#...#?..#..###.# #
#.####.#.......#...##.# # #.#
#.#########.#.##.# #
#.####..............#.#######
#.....#.#####................
#####.#.# #.................
#####.#.# ##................


You could see Lobster4's ghost.

Vanquished Creatures
  Sigmund (D:3)
  4 adders
  2 worms
  2 dart slugs (D:2)
  2 orcs (D:3)
  5 endoplasms
  A giant cockroach (D:3)
  4 goblins
  7 hobgoblins
  3 jackals (D:2)
  6 kobolds
  2 quokkas
  6 ball pythons
  2 bats
  5 frilled lizards
  7 rats
59 creatures vanquished.

Notes
Turn   | Place    | Note
-------+----------+-------------------------------------------
     0 | D:1      | Romesagentofchaos the Octopode Brigand began the quest for
                  | the Orb.
     0 | D:1      | Reached XP level 1. HP: 14/14 MP: 1/1
    95 | D:1      | Found a faded altar of an unknown god.
   200 | D:1      | Reached XP level 2. HP: 14/19 MP: 2/2
   391 | D:1      | Reached skill level 6 in Stealth
   720 | D:2      | Reached XP level 3. HP: 15/24 MP: 3/3
  1122 | D:2      | Reached XP level 4. HP: 16/29 MP: 4/4
  1137 | D:2      | Gained mutation: You expend magic power (3 MP) to
                  | strengthen your wands. [potion of mutation]
  1635 | D:3      | Noticed Lobster4's ghost (weakling DECj)
  1684 | D:3      | Found a runed translucent gate.
  1684 | D:3      | Found a runed translucent gate.
  1684 | D:3      | Found a runed translucent gate.
  1731 | D:3      | Found a sparkling altar of Nemelex Xobeh.
  1762 | D:3      | Reached skill level 7 in Stealth
  1970 | D:3      | Found a shimmering altar of Xom.
  2005 | D:3      | Noticed Sigmund
  2012 | D:3      | Killed Sigmund
  2013 | D:3      | Reached skill level 8 in Stealth
  2013 | D:3      | Reached XP level 5. HP: 2/35 MP: 5/5
  2013 | D:3      | Reached XP level 6. HP: 3/41 MP: 6/6
  2643 | D:3      | Slain by Lobster4's ghost

Illustrated notes

Levels and vault maps discovered:
D:1:      roderic_crossed_star, layout_basic, shapermc_ecumenical_altar_pompeii,
          chequers_hall_statues_y, minmay_lizard_pond
D:2:      layout_basic, grunt_decor_arrowhead, serial_bayou_pond_d, hex_tiny
D:3:      layout_loops_cross, mainiacjoe_overflow_catch_the_wave,
          gammafunk_ghost_split, kennysheep_generic_room_15, uniq_sigmund

Skill      XL: |  1  2  3  4 |
---------------+-------------+-----
Stealth        | 6 8 |  8.1
Short Blades   | 3 |  3.7
Fighting       | |  2.6
Throwing       | |  2.1
Dodging        | |  1.7

Action                   |  1- 3 |  4- 6 || total
-------------------------+-------+-------++-------
Melee: Dagger            |    63 |    51 ||   114
       Tentacles         |     7 |    11 ||    18
       Constrict         |    11 |     9 ||    20
  Use: Potion            |     3 |     4 ||     7
       Scroll            |     1 |     2 ||     3
 Stab: Sleeping          |    15 |     8 ||    23
Armor: Skin              |     6 |     5 ||    11
Dodge: Dodged            |    18 |    29 ||    47
